 Dungeon Crawl Stone Soup version 0.28-a0-1002-gf00fe891ef (webtiles) character file.

Game seed: 6902686459500612905

95 Umoon the Ducker (level 4, 0/51 HPs)
             Began as a Demonspawn Gladiator on Dec 6, 2021.
             Slain by Sigmund (1 damage)
             ... on level 3 of the Dungeon.
             The game lasted 00:03:00 (2151 turns).

Umoon the Ducker (Demonspawn Gladiator)             Turns: 2151, Time: 00:03:04

Health: 0/51       AC: 22    Str: 17    XL:     4   Next: 39%
Magic:  4/4        EV:  2    Int:  9    God:
Gold:   112        SH:  6    Dex: 14    Spells: 3/3 levels left

rFire   . . .      SeeInvis .   l - +2 whip (venom)
rCold   . . .      Faith    .   h - +2 buckler
rNeg    . . .      Spirit   .   (armour currently unavailable)
rPois   +          Reflect  .   (helmet currently unavailable)
rElec   .          Harm     .   (cloak currently unavailable)
rCorr   .          Rampage  .   (gloves currently unavailable)
Will    .....      NoTele   +   (boots currently unavailable)
Stlth   +.........              (no amulet)
HPRegen 0.17/turn               (no ring)
MPRegen 0.09/turn               (no ring)

@: tree-form
A: stationary, stasis, torment immunity, boosted hp, (large bone plates 1),
powered by pain 1, (horns 1), (fire resistance 1)
a: no special abilities


You were on level 3 of the Dungeon.
You were a tree.
You visited 1 branch of the dungeon, and saw 3 of its levels.

You collected 112 gold pieces.

Inventory:

Hand Weapons
 l - a +2 whip of venom (weapon)
Missiles
 c - 3 throwing nets (quivered)
Armour
 a - a +0 leather armour
 b - a +0 helmet
 d - a +0 ring mail (melded)
 h - a +2 buckler (worn)
Scrolls
 e - a scroll of blinking {unknown}
 g - a scroll of enchant weapon {unknown}
 n - a scroll of identify {unknown}
Potions
 f - a potion of heal wounds
 k - a potion of brilliance {unknown}
 m - a potion of curing {unknown}


   Skills:
 + Level 2.7 Fighting
 - Level 1.7 Throwing
 + Level 1.5 Armour
 + Level 3.2 Dodging
 + Level 1.0 Shields
 - Level 3.1 Unarmed Combat


You had 3 spell levels left.
You didn't know any spells.
Your spell library contained the following spells:

 Spells                   Type           Power      Damage    Failure   Level
 Sting                    Tmut/Pois      0%         1d3       52%         1
 Gell's Gravitas          Tloc           0%         N/A       87%         3
 Lesser Beckoning         Tloc           0%         N/A       87%         3
 Teleport Other           Tloc           0%         N/A       87%         3


Dungeon Overview and Level Annotations

Branches:
Dungeon (3/15)

Altars:
Fedhas

Annotations:
D:3 Natasha, Sigmund


Innate Abilities, Weirdness & Mutations

You are a tree.
Your roots penetrate the ground, keeping you stationary.
You cannot be teleported.
You are immune to unholy pain and torment.
Your maximum health is greatly increased.
Your equipment is partially melded.
((You are partially covered in large bone plates. (SH +4)))
You sometimes gain a little power by taking damage.
((You have a pair of small horns on your head.))
((Your flesh is heat resistant. (rF+)))


Message History

The adder bites you but does no damage. Something hits you!
* * * LOW HITPOINT WARNING * * *
The adder bites you but does no damage.
You feel less confused.
You kill the adder!
Something hits you but does no damage. You block the adder's attack.
You see here a bat corpse.
You block the adder's attack. You block the adder's attack.
The adder bites you but does no damage. The adder closely misses you.
Sigmund appears from thin air!
Reactivating autopickup.
The adder bites you.
* * * LOW HITPOINT WARNING * * *
You are lethally poisoned!
The adder poisons you!
* * * LOW HITPOINT WARNING * * *
You feel sick.
* * * LOW HITPOINT WARNING * * *
You feel sick.
It was a potion of mutation.
You feel extremely strange. A pair of horns grows on your head!
Your +0 helmet falls away!
You feel resistant to heat.
* * * LOW HITPOINT WARNING * * *
You feel sick. The adder barely misses you. You block the adder's attack.
Sorry, you're not good enough to have a special ability.
It was a potion of lignification.
You turn into a tree.
Your +0 ring mail melds into your body.
Your roots penetrate the ground.
* * * LOW HITPOINT WARNING * * *
You feel sick. You block the adder's attack.
You miss the adder.
* * * LOW HITPOINT WARNING * * *
You feel sick.
You are no longer poisoned.
You block the adder's attack.
Sigmund hits you from afar with a +0 scythe.
You die...

.#..##..# #.####.### #.#
.#..##..# #.# #.# #.#
....##..# #.# #.## #.#
##.###..# #.# #..# #.#
##.###..## #.# ##.# #.#
.....o...# #.# #.# #.#
######...# #.# ##.##
#####...###>####...###.#
#...........o@S♣.#.....#
#.####..##.#####...#####
#..##.# ##.##
#.####..##.######.#
..............[...#
#.####.###.########
.......# .....#####
######


You could see Sigmund, an orc priest and an adder.

Vanquished Creatures
  4 adders
  A worm (D:2)
  A dart slug (D:2)
  An orc (D:3)
  6 endoplasms
  3 giant cockroaches
  4 goblins
  7 hobgoblins
  6 jackals
  A quokka (D:1)
  4 ball pythons
  2 bats
  2 frilled lizards
  2 kobolds (D:3)
  5 rats
49 creatures vanquished.

Notes
Turn   | Place    | Note
-------+----------+-------------------------------------------
     0 | D:1      | Umoon the Demonspawn Gladiator began the quest for the Orb.
     0 | D:1      | Reached XP level 1. HP: 16/16 MP: 1/1
   144 | D:1      | Found a faded altar of an unknown god.
   154 | D:1      | Got Plato's Reference Book on Contamination
   163 | D:1      | Gained mutation: You are partially covered in large bone
                  | plates. (SH +4) [demonic ancestry]
   163 | D:1      | Reached XP level 2. HP: 15/22 MP: 2/2
   897 | D:1      | Reached skill level 1 in Armour
  1032 | D:2      | Found a blossoming altar of Fedhas.
  1110 | D:2      | Reached XP level 3. HP: 28/28 MP: 3/3
  1955 | D:3      | Gained mutation: You sometimes gain a little power by
                  | taking damage. [demonic ancestry]
  1955 | D:3      | Reached XP level 4. HP: 32/34 MP: 4/4
  2114 | D:3      | Noticed Sigmund
  2120 | D:3      | Reached skill level 1 in Shields
  2125 | D:3      | Noticed Natasha
  2149 | D:3      | Gained mutation: You have a pair of small horns on your
                  | head. [potion of mutation]
  2149 | D:3      | Gained mutation: Your flesh is heat resistant. (rF+)
                  | [potion of mutation]
  2150 | D:3      | HP: 2/51 [poisoned by an adder]
  2151 | D:3      | Slain by Sigmund

Illustrated notes

Levels and vault maps discovered:
D:1:      tarquinn_simple_flora_water_b, layout_loops_ring,
          shapermc_ecumenical_altar_rom_forum
D:2:      layout_basic, basic_altar, uniq_jessica
D:3:      layout_loops_ring, uniq_sigmund, uniq_natasha, uniq_robin

Skill      XL: |  1  2  3  4 |
---------------+-------------+-----
Unarmed Combat | 3 |  3.1
Armour         | 1 |  1.5
Dodging        | 3 |  3.2
Shields        | 1 |  1.0
Fighting       | |  2.7
Throwing       | |  1.7

Action                   |  1- 3 |  4- 6 || total
-------------------------+-------+-------++-------
Melee: Unarmed           |   146 |       ||   146
       Punch             |     3 |       ||     3
       Whip              |     5 |    24 ||    29
  Use: Potion            |     1 |     2 ||     3
Armor: Leather armour    |     5 |       ||     5
       Ring mail         |    29 |     8 ||    37
Dodge: Dodged            |    67 |     9 ||    76
Block: Buckler           |    41 |    16 ||    57
       Other             |     2 |       ||     2

Table legend: (Time is in decaauts)
 A = Elapsed time spent in this place.
 B = Non-inter-level travel time spent in this place.
 C = Inter-level travel time spent in this place.
 D = Time resting spent in this place.
 E = Time spent auto-exploring this place.
 F = Levels seen in this place.
 G = Mean time per level.
                   A        B        C        D        E       F      G
               +--------+--------+--------+--------+--------+-----+--------+
         Total |   2153 |   2107 |     46 |    100 |   1598 |   3 |  717.7 |
       Dungeon |   2153 |   2107 |     46 |    100 |   1598 |   3 |  717.7 |
               +--------+--------+--------+--------+--------+-----+--------+

Top non-repeatable levels by time:
     D:1: 1003 daAuts
     D:2: 884 daAuts
     D:3: 265 daAuts
